AoeStats
← Jordan Belfort

Four Lakes

509749443Analyzed
1v1 RM · 5d ago on Sep 27, 2026· 27m 11s· 2 players
Game mode
Random Map
Map size
Tiny (2 player)
Population
200
Speed
Normal
Resources
Standard
Victory
Conquest
Starting age
Dark Age
Ending age
Imperial Age
RankedLock teamsTeams togetherTeam positionsShared explorationLock speedFull tech treeHidden civsTurbo modeCheats
Victory
Defeat
🇩🇪 Burgundians · Germany
1249
+14
🇦🇷 Burgundians · Argentina
1209
-14
Jordan Belfort
6:31 Double-Bit Axe
6:49 Loom
10:51 Feudal Age
9:42 Fishing Lines
14:19 Bow Saw
15:59 Wheelbarrow
16:18 Gold Mining
16:22 Gillnets
20:32 Castle Age
20:23 Gold Shaft Mining
20:54 Scale Barding Armor
20:36 Cavalier
22:06 Forging
23:32 Iron Casting
24:19 Chain Barding Armor
24:58 Husbandry
26:40 Town Watch
matiiarctic
4:33 Double-Bit Axe
8:12 Loom
10:23 Feudal Age
14:52 Bow Saw
20:54 Castle Age
20:12 Horse Collar
20:28 Gold Mining
21:44 Forging
21:17 Cavalier
22:44 Gold Shaft Mining
22:18 Scale Barding Armor
22:52 Heavy Plow
24:45 Town Watch
26:49 Iron Casting
Connection lost

Rejoining the realm…

Still unreachable

The connection could not be restored.

Session expired

The server has moved on; the page needs a fresh start.